 Dungeon Crawl Stone Soup version 0.28-a0-657-g71136c5590 (webtiles) character file.

Game seed: 13961780409082108892

2749 lawman0 the Covert (level 9, -3/74 HPs)
             Began as a Gnoll Delver on Oct 13, 2021.
             Was a Believer of Fedhas.
             Slain by an ogre (8 damage)
             ... on level 8 of the Dungeon.
             The game lasted 00:15:32 (9036 turns).

lawman0 the Covert (Gnoll Delver)                   Turns: 9036, Time: 00:15:33

Health: -3/74      AC: 12    Str: 12    XL:     9   Next: 68%
Magic:  15/15      EV: 14    Int: 13    God:    Fedhas [**....]
Gold:   211        SH:  0    Dex: 13    Spells: 13/17 levels left

rFire   . . .      SeeInvis .   a - +3 mace (vorpal)
rCold   . . .      Faith    .   (no shield)
rNeg    . . .      Spirit   .   H - +0 steam dragon scales
rPois   .          Reflect  .   (no helmet)
rElec   .          Harm     .   d - +0 cloak
rCorr   .          Rampage  .   m - +0 pair of gloves
Will    +....                   (no boots)
Stlth   ++++......              j - amulet of the acrobat
HPRegen 0.22/turn               F - +4 ring of protection
MPRegen 0.14/turn               z - ring of willpower

@: hasted, very quick
A: fangs 1, strong nose, distributed training
a: Renounce Religion, Wall of Briars


You were on level 8 of the Dungeon.
You worshipped Fedhas.
Fedhas was pleased with you.
You visited 1 branch of the dungeon, and saw 8 of its levels.
You also visited: Ossuary.

You collected 211 gold pieces.

Inventory:

Hand Weapons
 a - a +3 vorpal mace (weapon)
 b - a +0 hunting sling
 l - the +6 mace of Joyful Slaughter {pain, rF- Int+7}
   (You found it on level 4 of the Dungeon)

   In the hands of one skilled in necromantic magic, it inflicts extra damage on
   living creatures.
   Int:       It affects your intelligence (+7).
   rF:        It makes you vulnerable to fire.
 n - a +2 mace of holy wrath
Missiles
 h - 39 sling bullets
 w - 6 javelins
 D - 116 stones (quivered)
Armour
 d - a +0 cloak (worn)
 m - a +0 pair of gloves (worn)
 B - a +2 tower shield
 H - +0 steam dragon scales (worn)
Jewellery
 f - a ring of ice
 j - an amulet of the acrobat (around neck)
 z - a ring of willpower (right hand)
 C - a ring of protection from cold
 F - a +4 ring of protection (left hand)
Wands
 g - a wand of digging (3)
 t - a wand of flame (6)
Scrolls
 c - 2 scrolls of fog
 e - a scroll of enchant weapon
 i - a scroll of torment
 q - 5 scrolls of amnesia
 v - a scroll of enchant armour
 E - a scroll of magic mapping
Potions
 k - a potion of mutation
 r - a potion of cancellation
 s - 3 potions of attraction
 u - a potion of flight
 x - a potion of ambrosia
 A - a potion of resistance


   Skills:
 + Level 8.0 Fighting
 + Level 4.5 Short Blades
 + Level 4.5 Long Blades
 + Level 4.5 Axes
 + Level 6.5 Maces & Flails
 + Level 4.5 Polearms
 + Level 4.5 Staves
 + Level 4.5 Slings
 + Level 4.5 Bows
 + Level 4.5 Crossbows
 + Level 4.5 Throwing
 + Level 4.5 Armour
 + Level 6.5 Dodging
 + Level 10.6 Stealth
 + Level 4.5 Shields
 + Level 4.5 Unarmed Combat
 + Level 4.5 Spellcasting
 + Level 3.7 Conjurations
 + Level 3.7 Hexes
 + Level 3.7 Summonings
 + Level 3.7 Necromancy
 + Level 3.7 Translocations
 + Level 3.7 Transmutations
 + Level 3.7 Fire Magic
 + Level 3.7 Ice Magic
 + Level 3.7 Air Magic
 + Level 3.7 Earth Magic
 + Level 3.7 Poison Magic
 + Level 4.9 Invocations
 + Level 4.5 Evocations


You had 13 spell levels left.
You knew the following spells:

 Your Spells              Type           Power      Damage    Failure   Level
a - Olgreb's Toxic Radia  Pois           12%        N/A       38%         4

Your spell library contained the following spells:

 Spells                   Type           Power      Damage    Failure   Level
 Sting                    Tmut/Pois      48%        1d5       4%          1
 Poisonous Vapours        Pois/Air       24%        N/A       6%          2
 Blade Hands              Tmut           6%         N/A       75%         5
 Irradiate                Conj/Tmut      6%         3d15      75%         5
 Dragon Form              Tmut           6%         N/A       100%        7


Dungeon Overview and Level Annotations

Branches:
Dungeon (8/15)            Ossuary (visited)
 Temple: D:4-7         Lair: D:8-11

Altars:
Fedhas


Innate Abilities, Weirdness & Mutations

You have very sharp teeth.
Your uncanny sense of smell can sniff out nearby items.
Your experience applies equally to all skills.


Message History

* * * LOW HITPOINT WARNING * * *
The killer bee misses you. The killer bee misses you.
The killer bee closely misses you. The ogre completely misses you.
The killer bee stings you but does no damage.
Unknown command.
The killer bee completely misses you.
There is a stone staircase leading down here.
The killer bee stings you.
* * * LOW HITPOINT WARNING * * *
The ogre closely misses you.
You climb downwards.
There is a stone staircase leading up here.
Unknown command.
The killer bee misses you. The killer bee completely misses you.
The killer bee closely misses you.
Unknown command.
Unknown command.
The killer bee closely misses you.
You feel better. The killer bee stings you.
* * * LOW HITPOINT WARNING * * *
Aiming: Paralyse
Press: ? - help, Shift-Dir - straight line, f - killer bee
Aim: a killer bee (heavily wounded, chance to affect: 67%)
The killer bee struggles to resist.
The now-empty wand crumbles to dust.
The killer bee stings you.
* * * LOW HITPOINT WARNING * * *
Aiming: Throw Flame
Press: ? - help, Shift-Dir - straight line, f/p - killer bee
Aim: a killer bee (heavily wounded, 48% to hit)
The puff of flame hits the killer bee!
You kill the killer bee!
Fedhas appreciates your contribution to the ecosystem.
Unknown command.
Unknown command.
You hit the ogre.
The ogre is lightly wounded.
The ogre hits you with a +0 giant club!
You die...
Fedhas appreciates your contribution to the ecosystem.

#.# #.# #.#
#.# #.# #.#
#.#########.#
.......@O..<#
..########..#
#..# #..#
#..# ...#
#.## #.# #.#


You could see an ogre.

Vanquished Creatures
  A wyvern (D:7)
  A steam dragon (D:7)
  Duvessa (D:4)
  A sky beast (D:5)
  2 ice beasts (D:6)
  2 ogres (D:6)
  A phantom (D:6)
  A wyvern zombie (Ossuary)
  A bullfrog (D:7)
  Dowan (D:4)
  3 water moccasin zombies (Ossuary)
  A wyvern skeleton (D:7)
  A killer bee (D:8)
  3 wights (D:6)
  2 howler monkeys (D:5)
  6 bullfrog zombies (Ossuary)
  7 centaur zombies
  2 jellies
  A bullfrog skeleton (D:3)
  A gnoll shaman (D:5)
  Crazy Yiuf (D:4)
  3 hounds
  2 iguanas
  2 killer bee zombies (Ossuary)
  13 mummies (Ossuary)
  7 howler monkey zombies
  3 gnolls (D:5)
  7 adders
  A white imp (D:7)
  An adder skeleton (D:5)
  2 worms
  6 orcs
  4 bats
  2 endoplasms
  5 giant cockroaches
  6 hobgoblins
  4 jackals (D:1)
  2 quokkas
  8 ball pythons
  A frilled lizard (D:2)
  9 goblins
  6 kobolds
134 creatures vanquished.

Vanquished Creatures (others)
  4 withered plants (Ossuary)
4 creatures vanquished.

Grand Total: 138 creatures vanquished

Notes
Turn   | Place    | Note
-------+----------+-------------------------------------------
     0 | D:5      | Reached skill level 9 in Stealth
     0 | D:5      | lawman0 the Gnoll Delver began the quest for the Orb.
     0 | D:5      | Reached XP level 1. HP: 23/23 MP: 1/1
    81 | D:4      | Noticed a hound
   111 | D:4      | Killed a hound
   112 | D:4      | Reached XP level 2. HP: 19/29 MP: 2/2
   112 | D:4      | Reached XP level 3. HP: 23/35 MP: 3/3
   529 | D:4      | Identified the +6 mace of Joyful Slaughter {pain, rF-
                  | Int+7}
   558 | D:4      | Found a sand-covered staircase.
   558 | D:4      | Noticed Dowan
   559 | D:4      | Noticed Duvessa
   568 | Ossuary  | Entered an ossuary
   578 | Ossuary  | Reached skill level 1 in Invocations
   586 | Ossuary  | Reached skill level 1 in Short Blades
   586 | Ossuary  | Reached skill level 1 in Long Blades
   586 | Ossuary  | Reached skill level 1 in Axes
   586 | Ossuary  | Reached skill level 1 in Polearms
   586 | Ossuary  | Reached skill level 1 in Staves
   586 | Ossuary  | Reached skill level 1 in Slings
   586 | Ossuary  | Reached skill level 1 in Bows
   586 | Ossuary  | Reached skill level 1 in Crossbows
   586 | Ossuary  | Reached skill level 1 in Throwing
   586 | Ossuary  | Reached skill level 1 in Armour
   586 | Ossuary  | Reached skill level 1 in Shields
   586 | Ossuary  | Reached skill level 1 in Unarmed Combat
   586 | Ossuary  | Reached skill level 1 in Spellcasting
   586 | Ossuary  | Reached skill level 1 in Evocations
   586 | Ossuary  | Reached XP level 4. HP: 37/41 MP: 5/5
   590 | Ossuary  | Reached skill level 1 in Conjurations
   590 | Ossuary  | Reached skill level 1 in Hexes
   590 | Ossuary  | Reached skill level 1 in Summonings
   590 | Ossuary  | Reached skill level 1 in Necromancy
   590 | Ossuary  | Reached skill level 1 in Translocations
   590 | Ossuary  | Reached skill level 1 in Transmutations
   590 | Ossuary  | Reached skill level 1 in Fire Magic
   590 | Ossuary  | Reached skill level 1 in Ice Magic
   590 | Ossuary  | Reached skill level 1 in Air Magic
   590 | Ossuary  | Reached skill level 1 in Earth Magic
   590 | Ossuary  | Reached skill level 1 in Poison Magic
   807 | Ossuary  | Reached XP level 5. HP: 46/47 MP: 5/7
  1081 | Ossuary  | Gained mutation: Your spells are a little harder to cast,
                  | but a little more powerful. [potion of mutation]
  1081 | Ossuary  | Lost mutation: Your spells are a little harder to cast, but
                  | a little more powerful. [potion of mutation]
  1086 | Ossuary  | Reached XP level 6. HP: 39/53 MP: 8/8
  1096 | Ossuary  | Reached skill level 5 in Maces & Flails
  1096 | Ossuary  | Reached skill level 5 in Dodging
  1260 | Ossuary  | Reached XP level 7. HP: 36/59 MP: 10/10
  1804 | Ossuary  | Reached skill level 10 in Stealth
  2023 | Ossuary  | Reached XP level 8. HP: 36/67 MP: 12/12
  3243 | D:4      | Found a blossoming altar of Fedhas.
  3251 | D:4      | Became a worshipper of Fedhas Madash
  3493 | D:4      | Killed Duvessa
  3494 | D:4      | Killed Dowan
  3642 | D:4      | Found a runed translucent door.
  3643 | D:4      | Noticed Crazy Yiuf
  3747 | D:4      | Killed Crazy Yiuf
  5393 | D:1      | Reached * piety under Fedhas
  5477 | D:1      | Found a faded altar of an unknown god.
  6693 | D:5      | Identified the +6 short sword of Degal {drain, Str+6}
  6914 | D:6      | Noticed a vampire
  6951 | D:6      | Reached XP level 9. HP: 72/72 MP: 14/14
  7439 | D:6      | Reached ** piety under Fedhas
  8036 | D:6      | Learned a level 4 spell: Olgreb's Toxic Radiance
  9015 | D:7      | HP: 3/74 [wyvern (9)]
  9036 | D:8      | Slain by an ogre

Illustrated notes

Levels and vault maps discovered:
D:1:      sevenhm_arrival_forest_fort_small_5, layout_basic,
          ebering_ecumenical_altar_hall, chequers_serial_rivers_small_b
D:2:      layout_basic, serial_park_tiny_1
D:3:      layout_basic
D:4:      layout_loops_corners, fedhas_altar_4, nicolae_ossuary_entry_monument,
          uniq_duvessa, uniq_crazy_yiuf_cottage
D:5:      layout_loops_ring
D:6:      layout_loops_ring
D:7:      layout_loops_ring, minmay_temple_entry_grid
D:8:      layout_loops_ring, uniq_erica

Skill      XL: |  1  2  3  4  5  6  7  8  9 |
---------------+----------------------------+-----
Stealth        | 10 | 10.6
Invocations    | 1 2 3 4 |  4.9
Short Blades   | 1 2 3 4 |  4.5
Long Blades    | 1 2 3 4 |  4.5
Axes           | 1 2 3 4 |  4.5
Polearms       | 1 2 3 4 |  4.5
Staves         | 1 2 3 4 |  4.5
Slings         | 1 2 3 4 |  4.5
Bows           | 1 2 3 4 |  4.5
Crossbows      | 1 2 3 4 |  4.5
Throwing       | 1 2 3 4 |  4.5
Armour         | 1 2 3 4 |  4.5
Shields        | 1 2 3 4 |  4.5
Unarmed Combat | 1 2 3 4 |  4.5
Spellcasting   | 1 2 3 4 |  4.5
Evocations     | 1 2 3 4 |  4.5
Conjurations   | 1 2 3 |  3.7
Hexes          | 1 2 3 |  3.7
Summonings     | 1 2 3 |  3.7
Necromancy     | 1 2 3 |  3.7
Translocations | 1 2 3 |  3.7
Transmutations | 1 2 3 |  3.7
Fire Magic     | 1 2 3 |  3.7
Ice Magic      | 1 2 3 |  3.7
Air Magic      | 1 2 3 |  3.7
Earth Magic    | 1 2 3 |  3.7
Poison Magic   | 1 2 3 |  3.7
Maces & Flails | 5 6 |  6.5
Dodging        | 5 6 |  6.5
Fighting       | 7 8 |  8.0

Action                   |  1- 3 |  4- 6 |  7- 9 || total
-------------------------+-------+-------+-------++-------
Melee: Mace              |    22 |    69 |   359 ||   450
       Bite              |     1 |    14 |    35 ||    50
       Punch             |       |     2 |     2 ||     4
 Fire: Hunting sling     |       |       |    55 ||    55
Throw: Javelin           |    16 |    11 |    23 ||    50
       Stone             |       |       |     3 ||     3
Evoke: Wand              |       |       |    17 ||    17
  Use: Scroll            |     2 |       |    12 ||    14
       Potion            |     1 |     2 |    11 ||    14
 Stab: Sleeping          |     1 |       |    18 ||    19
       Paralysed         |       |       |     8 ||     8
Armor: Leather armour    |     7 |    34 |    87 ||   128
       Skin              |       |       |     7 ||     7
       Steam dragon scal |       |       |     4 ||     4
Dodge: Dodged            |    33 |    59 |   311 ||   403

Table legend: (Time is in decaauts)
 A = Elapsed time spent in this place.
 B = Non-inter-level travel time spent in this place.
 C = Inter-level travel time spent in this place.
 D = Time resting spent in this place.
 E = Time spent auto-exploring this place.
 F = Levels seen in this place.
 G = Mean time per level.
                   A        B        C        D        E       F      G
               +--------+--------+--------+--------+--------+-----+--------+
         Total |   9058 |   8715 |    343 |   2481 |   4278 |   9 | 1006.4 |
       Dungeon |   7208 |   6865 |    343 |   1113 |   4219 |   8 |  901.0 |
       Ossuary |   1850 |   1850 |      0 |   1368 |     58 |   1 | 1850.0 |
               +--------+--------+--------+--------+--------+-----+--------+

Top non-repeatable levels by time:
 Ossuary: 1850 daAuts
     D:6: 1427 daAuts
     D:4: 1313 daAuts
     D:5: 1259 daAuts
     D:3: 1086 daAuts
     D:1: 740 daAuts
     D:2: 709 daAuts
     D:7: 665 daAuts
     D:8: 5 daAuts
